 Dungeon Crawl Stone Soup version 0.18-a0-1782-gb76a692 (webtiles) character file.

224755 4thArraOfDagon the Unseen (level 17, -4/81 HPs)
             Began as a Spriggan Hunter on Apr 17, 2016.
             Was an Initiate of Gozag.
             Slain by dvd's ghost (12 damage)
             ... on level 5 of the Pits of Slime.
             The game lasted 02:45:23 (22687 turns).

4thArraOfDagon the Unseen (Spriggan Hunter)        Turns: 22687, Time: 02:45:24

Health: -4/81      AC: 10    Str: 14    XL:     17   Next: 62%
Magic:  40/40      EV: 31    Int: 21    God:    Gozag
Gold:   4414       SH:  9    Dex: 22    Spells: 8 memorised, 1 level left

rFire  . . .     SeeInvis +     W - +10 dagger of Objectivity {freeze, rC+ Str+6}
rCold  + . .     Gourm    .     x - +3 troll leather armour
rNeg   . . .     Faith    .     c - +1 buckler "Qeqa" {MP+9 SInv}
rPois  +         Spirit   .     H - +2 hat
rElec  .         Dismiss  .     O - +2 cloak
rCorr  +         Reflect  .     (gloves unavailable)
SustAt .         Harm     .     (boots unavailable)
MR     ++...                    (no amulet)
Stlth  +++++++++.               U - ring of resist corrosion
                                r - ring of stealth

@: brilliant, corroded, very slightly contaminated, very quick, very resistant
to hostile enchantments, incredibly stealthy
A: unfitting armour, slimy green scales 1, see invisible, clever 1, herbivore 3,
speed 3, poison resistance, slow metabolism 2, subdued magic 1
a: Potion Petition, Call Merchant, Bribe Branch, Renounce Religion
}: 3/15 runes: decaying, serpentine, slimy


You were on level 5 of the Pits of Slime.
You worshipped Gozag.
Gozag was noncommittal.
You were full.

You visited 7 branches of the dungeon, and saw 40 of its levels.
You also visited: Labyrinth and Trove.

You collected 11554 gold pieces.
You spent 4573 gold pieces at shops.
You paid 2567 gold pieces to Gozag.

Inventory:

Hand Weapons
 W - the +10 dagger of Objectivity (weapon) {freeze, rC+ Str+6}
   (You bought it in a shop on level 10 of the Dungeon)

   It has been specially enchanted to freeze those struck by it, causing extra
   injury to most foes and up to half again as much damage against particularly
   susceptible opponents.
   It can also slow down cold-blooded creatures.
   It affects your strength (+6).
   It protects you from cold.
Armour
 c - the +1 buckler "Qeqa" (worn) {MP+9 SInv}
   (You acquired it on level 5 of the Lair of Beasts)

   It affects your magic capacity (+9).
   It lets you see invisible.
 x - a +3 troll leather armour (worn)
 G - the +1 pearl dragon armour "Moazy" {rF++ rC+ rN+}
   (You bought it in a shop on level 2 of the Orcish Mines)

   It greatly protects you from fire.
   It protects you from cold.
   It protects you from negative energy.
 H - a +2 hat (worn)
 O - a +2 cloak (worn)
Rods
 A - a -1 lightning rod (10/12)
   (You found it on level 3 of the Dungeon)
 T - a +0 lightning rod (12/13)
   (You found it in a labyrinth)
Jewellery
 r - a ring of stealth (left hand)
 C - the ring of the Raven {rF+ SInv, unknown}
   (You found it on level 6 of the Pits of Slime)

   [ring of see invisible]

   It protects you from fire.
   It lets you see invisible.
 E - the ring of Caice {*Tele rElec MP+9 Int-3, unknown}
   (You found it on level 6 of the Pits of Slime)

   [ring of teleportation]

   It may teleport you next to monsters.
   It affects your intelligence (-3).
   It insulates you from electricity.
   It affects your magic capacity (+9).
 J - the amulet "Onivvo" {*Corrode +Rage rN+ Str+3, unknown}
   (You found it on level 6 of the Pits of Slime)

   [amulet of rage]

   It affects your strength (+3).
   It protects you from negative energy.
   It lets you go berserk.
   It may corrode you when you take damage.
 N - the ring "Vaukinn" {+Inv Str+2 Int-3 Dex+4, unknown}
   (You found it on level 6 of the Pits of Slime)

   [ring of dexterity]

   It affects your strength (+2).
   It affects your intelligence (-3).
   It affects your dexterity (+4).
   It lets you turn invisible.
 R - an uncursed ring of fire
 U - a ring of resist corrosion (right hand)
Wands
 e - a wand of teleportation (4/9)
 j - a wand of digging (6/24)
 k - a wand of heal wounds (3/9)
 m - a wand of hasting (2/9)
 q - a wand of teleportation (3/9)
 u - a wand of iceblast (6/15)
 v - a wand of disintegration (3/24)
 B - a wand of hasting (3/9)
 M - a wand of iceblast (7/15)
 Q - a wand of teleportation (4/9)
 V - a wand of confusion (26/48)
Scrolls
 b - a scroll of summoning
 g - 3 scrolls of vulnerability
 h - a scroll of holy word
 i - 6 scrolls of enchant weapon
 l - 3 scrolls of recharging
 p - 2 scrolls of blinking
 w - 5 scrolls of teleportation
 D - 3 scrolls of fog
 F - 4 scrolls of magic mapping
 I - 4 scrolls of silence
 P - 9 scrolls of remove curse
Potions
 a - 2 potions of flight
 d - a potion of ambrosia
 n - 3 potions of might
 o - 5 potions of agility
 s - 2 potions of haste
 t - a potion of invisibility
 z - 2 potions of magic
 K - a potion of brilliance
 L - 4 potions of curing
 S - 3 potions of cure mutation
 X - a potion of resistance
Miscellaneous
 Y - a legendary deck of defence {the Blade, drawn: 1}
 Z - an ornate deck of summoning {drawn: 6}
Comestibles
 f - 19 bread rations
 y - 21 fruits


   Skills:
 - Level 6.0 Fighting
 * Level 19.7 Short Blades
   Level 5.0 Slings
 - Level 2.3 Armour
 - Level 13.0 Dodging
 - Level 20.0 Stealth
 - Level 5.0 Shields
 - Level 9.4 Spellcasting
 - Level 10.5 Hexes
 - Level 3.9 Summonings
 - Level 6.4 Ice Magic
 - Level 4.3 Air Magic
 - Level 15.2 Evocations


You had one spell level left.
You knew the following spells:

 Your Spells              Type           Power        Failure   Level  Hunger
a - Ensorcelled Hibernat  Hex/Ice        #####.       1%          2    None
b - Confuse               Hex            ######..     1%          3    None
c - Summon Lightning Spi  Summ/Air       ####....     1%          4    ##.....
d - Silence               Hex/Air        #####.....   1%          5    #####..
e - Darkness              Hex            ######....   2%          6    ######.
f - Haste                 Chrm           ###.....     93%         6    ######.
g - Apportation           Tloc           ###.......   1%          1    None
h - Invisibility          Hex            ######..     2%          6    ######.


Dungeon Overview and Level Annotations

Branches:
Dungeon (15/15)            Temple (1/1) D:5            Lair (8/8) D:10
  Swamp (4/4) Lair:4        Snake (4/4) Lair:3        Slime (6/6) Lair:8
    Orc (2/2) D:11            Elf (0/3) Orc:2        Vaults (0/5) D:13
 Depths: D:15

Altars:
Ashenzari
Dithmenos
Elyvilon
Fedhas
Gozag
Kikubaaqudgha
Makhleb
Nemelex Xobeh
Okawaru
Pakellas
Qazlal
Ru
Sif Muna
Trog
Vehumet
Xom
Yredelemnul
Zin
The Shining One
Jiyva

Shops:
D:10 (([}   Orc:1 }   Orc:2 [[=%   Lair:7 ?

Annotations:
D:2 Sigmund
D:7 Pikel
D:8 Erica
D:13 Rupert
D:15 exclusion: Roxanne, Roxanne
Swamp:4 Lernaean hydra
Snake:2 Vashnia
Slime:2 Dissolution
Slime:3 exclusion: upstairs
Slime:5 dvd's ghost, veteran HOFi


Innate Abilities, Weirdness & Mutations

You are tiny and cannot use many weapons and most armour.
You have supernaturally acute eyesight.
You are a herbivore.
You cover ground extremely quickly.
You need consume almost no food.
You are partially covered in slimy green scales (AC +2).
Your mind is acute. (Int +2)
Your system is resistant to poisons.
Your spells are a little easier to cast, but a little less powerful.


Message History

Unknown command.
Unknown command.
You feel yourself slow down.
Unknown command.
The acid blob spits acid at you. The splash of acid hits you! You resist.
The acid burns!
You resist.
There is a stone staircase leading up here.
Unknown command.
The acid blob spits acid at you. The splash of acid hits you! You resist.
The acid corrodes you!
The acid burns!
You resist.
You climb upwards.
Level annotation: dvd's ghost, veteran HOFi Dvd's ghost hits you!!!
Ouch! That really hurt!
Dvd's ghost hits you!!
* * * LOW HITPOINT WARNING * * *
You are electrocuted!
You die...
Your body crumbles into a pile of gold.

##..#..###.........J
.......#...........
##..................
#...................
##..................
#.............##...#
#..............#....
#.W.................
#..@...<.......#....
#..............
#.............#
##.##...####.##
######## #


You could see dvd's ghost.

Vanquished Creatures
  the Royal Jelly (Slime:6)
  Nikola (Swamp:4)
  6 acid blobs (Slime:6)
  Gastronok (Lair:3)
  10 greater nagas (Snake:4)
  2 azure jellies
  Snorg (D:11)
  A minotaur (Lab)
  4 death oozes (Slime:6)
  A fire dragon (Lair:8)
  A great orb of eyes (Slime:5)
  13 hydras
  The ghost of namelastname112 the Thaumaturge, a journeyman DrCj of Dithmenos (D:12)
  2 centaur warriors
  A ghost crab (Swamp:3)
  A catoblepas (D:13)
  19 naga warriors (Snake:4)
  A death knight (D:15)
  5 anacondas
  2 alligators
  The ghost of namnharef the Archer, a journeyman HEFE of Vehumet (D:11)
  9 naga sharpshooters (Snake:4)
  3 orc high priests (Orc:2)
  Urug (D:15)
  3 shock serpents
  2 skeletal warriors (D:13)
  A salamander mystic (Snake:1)
  7 swamp dragons (Swamp:4)
  3 unseen horrors
  4 hill giants
  4 naga ritualists
  2 lindwurms (Lair:8)
  4 orc knights (Orc:2)
  A hornet (Swamp:4)
  4 deep elf magi
  2 necromancers
  A wolf spider zombie (D:14)
  An oklob plant (Lair:7)
  2 manticores
  18 ugly things
  3 mana vipers
  A shining eye (Slime:1)
  4 griffons
  5 salamanders
  5 cyclopes
  4 orc sorcerers (Orc:2)
  2 centaur zombies
  22 black mambas
  7 elephants
  Maurice (D:8)
  6 guardian serpents (Snake:4)
  8 naga magi
  7 torpor snails
  An eye of devastation (Slime:6)
  5 centaur skeletons
  16 spiny frogs
  A gargoyle (D:14)
  11 komodo dragons
  3 rime drakes
  7 trolls
  11 bog bodies
  2 polar bears
  6 giant leeches
  20 slime creatures
  3 two-headed ogres (D:13)
  14 blink frogs
  3 spriggans (Swamp:1)
  A tarantella (shapeshifter) (D:14)
  3 vampires
  40 yaks
  3 shadows
  5 wyverns
  7 hippogriffs
  A steam dragon (D:7)
  7 basilisks
  10 vampire mosquitoes
  8 swamp worms
  3 insubstantial wisps (Swamp:4)
  A soldier ant (D:10)
  A mottled dragon (D:14)
  44 nagas
  15 water moccasins
  8 swamp drakes (Swamp:4)
  9 porcupines
  2 sky beasts
  3 black bears
  2 phantoms
  19 orc warriors
  9 wasps
  3 ice beasts
  15 wolves
  13 centaurs
  11 ogres
  3 eyes of draining
  11 crocodiles
  2 big kobolds
  14 giant frogs
  A wyvern zombie (D:11)
  2 wyvern skeletons
  A water moccasin skeleton (D:9)
  16 killer bees
  4 scorpions
  A wight (D:8)
  2 howler monkeys
  An electric eel (Lair:2)
  3 crimson imps
  2 giant frog zombies
  6 jellies
  A quasit (D:11)
  A wyvern simulacrum (D:15)
  14 orc wizards
  10 hounds
  18 orc priests
  Crazy Yiuf (D:2)
  6 iguanas
  2 giant frog skeletons
  Ijyb (D:2)
  7 worker ants
  10 sheep
  A hound skeleton (D:4)
  Robin (D:3)
  7 gnolls
  7 adders
  38 river rats
  A shadow imp (D:15)
  An ooze (D:2)
  An adder skeleton (D:4)
  20 worms (Lair:8)
  2 dart slugs
  3 giant geckos
  54 orcs
  6 bats
  8 giant cockroaches
  14 goblins
  10 hobgoblins
  16 jackals
  19 kobolds
  A quokka (D:4)
  A ball python (Lair:3)
  A giant gecko skeleton (D:9)
  7 giant newts
  5 rats
  3 plants
935 creatures vanquished.

Vanquished Creatures (collateral kills)
  A naga warrior (Snake:4)
  A shining eye (Slime:6)
  A queen bee (D:11)
  A slime creature (Slime:6)
  4 nagas
  5 killer bees (D:11)
  2 wights (D:8)
  2 jellies (Slime:6)
17 creatures vanquished.

Vanquished Creatures (others)
  A centaur skeleton (D:9)
  A swamp drake (Swamp:4)
  A wight (D:8)
  3 orcs (D:6)
  11 fungi
  17 plants
  A withered plant (D:15)
35 creatures vanquished.

Grand Total: 987 creatures vanquished

Notes
Turn   | Place    | Note
--------------------------------------------------------------
     0 | D:1      | 4thArraOfDagon the Spriggan Hunter began the quest for the Orb.
     0 | D:1      | Reached XP level 1. HP: 10/10 MP: 2/2
    40 | D:1      | Reached skill level 5 in Slings
   105 | D:3      | Reached skill level 2 in Stealth
   194 | D:3      | Reached XP level 2. HP: 10/14 MP: 3/3
   310 | D:4      | Found an oddly glowing altar of Pakellas.
   358 | D:5      | Entered Level 5 of the Dungeon
   360 | D:5      | Reached skill level 3 in Stealth
   378 | D:5      | Reached skill level 1 in Short Blades
   378 | D:5      | Reached skill level 4 in Stealth
   378 | D:5      | Reached XP level 3. HP: 18/18 MP: 4/4
   440 | D:6      | Noticed an ogre
   475 | D:6      | Killed an ogre
   475 | D:6      | Reached skill level 6 in Stealth
   475 | D:6      | Reached XP level 4. HP: 22/22 MP: 5/5
   519 | D:6      | Reached XP level 5. HP: 25/25 MP: 6/6
   594 | D:6      | Noticed a water moccasin
   644 | D:7      | Noticed a slave
   655 | D:7      | Noticed a black bear
   658 | D:7      | Killed a black bear
   658 | D:7      | Reached skill level 7 in Stealth
   674 | D:7      | Reached XP level 6. HP: 28/30 MP: 7/7
   694 | D:6      | Noticed an orc warrior
   722 | D:7      | Reached skill level 8 in Stealth
   824 | D:7      | Noticed a slave
   896 | D:7      | Noticed a steam dragon
   935 | D:7      | Reached skill level 9 in Stealth
  1009 | D:7      | Killed a steam dragon
  1009 | D:7      | Reached XP level 7. HP: 14/33 MP: 4/8
  1247 | D:5      | Found a staircase to the Ecumenical Temple.
  1256 | Temple   | Entered the Ecumenical Temple
  1291 | Temple   | Became a worshipper of Gozag Ym Sagoz the Greedy
  1788 | D:1      | Reached skill level 10 in Stealth
  1962 | D:1      | pipel: hi!
  2048 | D:1      | 4thArraOfDagon: heeyyy
  2144 | D:2      | Noticed Ijyb
  2148 | D:2      | Killed Ijyb
  2214 | D:2      | pipel: doesn't seem like speedrun. 1,5k by DL 2
  2225 | D:2      | 4thArraOfDagon: yeah
  2293 | D:2      | Noticed Sigmund
  2501 | D:2      | Noticed Crazy Yiuf
  2507 | D:2      | Killed Crazy Yiuf
  2573 | D:3      | beem: I am beem. For help, type: !beem help
  2573 | D:3      | 4thArraOfDagon: !beem register
  2573 | D:3      | beem: Unknown command. Type !beem help for assistance
  2573 | D:3      | 4thArraOfDagon: !beem subscribe
  2573 | D:3      | beem: Subscribed. beem will now watch all games of user 4thArraOfDagon
  2573 | D:3      | pipel: !beem help
  2573 | D:3      | beem: I'm a bot that sends commands to the DCSS IRC knowledge bots. For details, see https://github.com/gammafunk/beem/blob/master/docs/commands.md and to have me watch your games on this server, type: !beem subscribe
  2573 | D:3      | 4thArraOfDagon: ty
  2595 | D:3      | Found a shattered altar of Ashenzari.
  2614 | D:3      | Noticed Robin
  2660 | D:3      | Reached skill level 5 in Dodging
  2678 | D:3      | Killed Robin
  2728 | D:3      | 4thArraOfDagon: ??worker ant
  2728 | D:3      | beem: worker ant[1/1]: Fast and poisonous. It's an ant, what did you expect.
  2759 | D:3      | Found a sacrificial altar of Ru.
  2926 | D:3      | pipel: @??worker ant
  2994 | D:4      | 4thArraOfDagon: @?worker ant
  2994 | D:4      | pipel: @??robin
  2994 | D:4      | 4thArraOfDagon: ?@ ant
  3069 | D:4      | Reached skill level 1 in Evocations
  3200 | D:5      | Reached XP level 8. HP: 19/37 MP: 6/10
  3249 | D:5      | pipel: !gitgrep 1000 abyss
  3269 | D:5      | Reached skill level 5 in Short Blades
  3395 | D:5      | Reached skill level 11 in Stealth
  3500 | D:6      | pipel: !beem help
  3500 | D:6      | beem: I'm a bot that sends commands to the DCSS IRC knowledge bots. For details, see https://github.com/gammafunk/beem/blob/master/docs/commands.md and to have me watch your games on this server, type: !beem subscribe
  3505 | D:6      | Found a white marble altar of Elyvilon.
  3527 | D:6      | pipel: !lg
  3529 | D:6      | beem: 452. pipel the Skirmisher (L4 OgWz), slain by an orc (a +5 flail) on D:4 on 2016-04-11 12:51:23, with 67 points after 1581 turns and 0:05:14.
  3606 | D:6      | pipel: ??@robin
  3608 | D:6      | beem: @robin ~ robin[1/2]: A new unique hobgoblin in 0.16-a. She comes with a pack of hobgoblins who she can both buff with her warcry (see {orc knight}) and throw to surround you. Beware.
  3713 | D:8      | Found an iron altar of Okawaru.
  3756 | D:8      | Noticed Erica
  3837 | D:8      | Reached skill level 5 in Evocations
  3932 | D:8      | Found a basalt altar of Yredelemnul.
  3939 | D:7      | Noticed Pikel
  3995 | D:8      | pipel: can you enslave pikel?
  4002 | D:8      | Noticed Maurice
  4007 | D:8      | Killed Maurice
  4007 | D:8      | Reached skill level 12 in Stealth
  4007 | D:8      | Reached XP level 9. HP: 38/41 MP: 14/14
  4233 | D:9      | 4thArraOfDagon: yea possibly
  4252 | D:9      | Learned a level 2 spell: Ensorcelled Hibernation
  4256 | D:9      | Learned a level 3 spell: Confuse
  4263 | D:9      | Noticed an unseen horror
  4304 | D:9      | Reached skill level 1 in Spellcasting
  4446 | D:9      | Killed an unseen horror
  4591 | D:9      | Found a white marble altar of Elyvilon.
  4739 | D:10     | Entered Level 10 of the Dungeon
  4764 | D:10     | Reached skill level 13 in Stealth
  4794 | D:11     | Noticed a cyclops
  4796 | D:11     | Killed a cyclops
  4796 | D:11     | Reached skill level 5 in Hexes
  4796 | D:11     | Reached skill level 1 in Ice Magic
  4796 | D:11     | Reached XP level 10. HP: 44/46 MP: 14/16
  4801 | D:11     | Noticed a hill giant
  4835 | D:11     | Noticed namnharef's ghost (journeyman HEFE)
  4851 | D:11     | Found a labyrinth entrance.
  4864 | D:11     | Noticed Snorg
  4870 | D:11     | 4thArraOfDagon: :(
  4870 | D:11     | 4thArraOfDagon: play spriggan - find dmaul
  4901 | Lab      | Entered a labyrinth
  5540 | Lab      | Noticed a minotaur
  5748 | Lab      | Killed a minotaur
  5767 | Lab      | Learned a level 4 spell: Summon Lightning Spire
  5806 | D:11     | Found a staircase to the Orcish Mines.
  5828 | D:11     | Noticed a white ugly thing
  5832 | D:11     | Killed a white ugly thing
  5966 | D:11     | Noticed a purple ugly thing
  5966 | D:11     | Noticed a hill giant
  5987 | D:12     | Noticed namelastname112's ghost (journeyman DrCj)
  6001 | D:12     | Noticed a hill giant
  6138 | D:13     | Noticed a griffon
  6155 | D:12     | Noticed a deep elf mage
  6169 | D:12     | Killed a deep elf mage
  6179 | D:12     | Killed namelastname112's ghost
  6285 | D:13     | Reached skill level 5 in Spellcasting
  6442 | D:11     | Noticed a green ugly thing
  6449 | D:11     | Killed a green ugly thing
  6567 | D:12     | Killed a hill giant
  6567 | D:12     | Reached XP level 11. HP: 49/49 MP: 15/20
  6761 | D:13     | Noticed Rupert
  6826 | D:14     | Noticed a cyan ugly thing
  6826 | D:14     | Noticed a cyan ugly thing
  6839 | D:14     | Noticed a cyan ugly thing
  6839 | D:14     | Noticed a cyan ugly thing
  6884 | D:14     | Learned a level 5 spell: Silence
  6891 | D:14     | Learned a level 6 spell: Darkness
  6984 | D:13     | Noticed a skeletal warrior
  6984 | D:13     | Noticed a skeletal warrior
  6984 | D:13     | Noticed a skeletal warrior
  7004 | D:13     | Killed a skeletal warrior
  7150 | D:12     | Reached skill level 5 in Ice Magic
  7295 | D:12     | Noticed a brown ugly thing
  7311 | D:12     | Killed a brown ugly thing
  7653 | D:11     | Killed a hill giant
  7659 | D:11     | Killed a purple ugly thing
  7659 | D:11     | Reached skill level 10 in Hexes
  8106 | D:10     | Found Gecroifirgh's Gadget Shop.
  8198 | D:10     | Found a portal to a secret trove of treasure.
  8231 | D:10     | Found a staircase to the Lair.
  8389 | D:11     | Killed a hill giant
  8433 | Orc:1    | Entered Level 1 of the Orcish Mines
  8550 | Orc:1    | Found Xiexzom's Quality Used Wands.
  8617 | Orc:2    | Entered Level 2 of the Orcish Mines
  8793 | Orc:2    | Reached XP level 12. HP: 36/53 MP: 23/23
  9065 | Orc:2    | Found a staircase to the Elven Halls.
  9229 | Orc:2    | Gained mutation: Your system is resistant to poisons. [potion of mutation]
  9229 | Orc:2    | Gained mutation: Your mind is acute. (Int +2) [potion of mutation]
  9229 | Orc:2    | Gained mutation: Your spells are a little easier to cast, but a little less powerful. [potion of mutation]
  9230 | Orc:2    | Gained mutation: You are partially covered in slimy green scales (AC +2). [potion of beneficial mutation]
  9246 | Orc:2    | Found Umpeiveast's Food Shop.
  9260 | Orc:2    | Noticed an orc high priest
  9286 | Orc:2    | Noticed an orc high priest
  9357 | Orc:2    | Killed an orc high priest
  9389 | Orc:2    | Killed an orc high priest
  9414 | Orc:2    | Reached skill level 10 in Evocations
  9549 | Orc:2    | Noticed an orc high priest
  9606 | Orc:2    | Killed an orc high priest
  9976 | Orc:2    | Found Hous's Armour Shop.
  9977 | Orc:2    | Found Loulot's Antique Armour Emporium.
  9980 | Orc:2    | Found Toled's Jewellery Emporium.
  9985 | Orc:2    | Reached skill level 10 in Short Blades
 10020 | Orc:2    | Bought a glowing hat for 112 gold pieces
 10025 | Orc:2    | Bought a slimy pearl dragon armour for 2898 gold pieces
 10035 | Orc:2    | Identified the cursed +1 pearl dragon armour "Moazy" {rF++ rC+ rN+} (You bought it in a shop on level 2 of the Orcish Mines)
 10153 | Lair:1   | Entered Level 1 of the Lair of Beasts
 11173 | Lair:3   | Found a staircase to the Snake Pit.
 11204 | Lair:3   | Reached XP level 13. HP: 54/58 MP: 24/24
 11231 | Lair:3   | pipel: sneak on sneks!
 11636 | Lair:4   | Found a staircase to the Swamp.
 11686 | Lair:4   | Learned a level 6 spell: Haste
 11686 | Lair:4   | namnharef: did you notice the glowing short sword on the ground before?
 11811 | Lair:5   | 4thArraOfDagon: no
 11811 | Lair:5   | 4thArraOfDagon: ohhh
 11811 | Lair:5   | 4thArraOfDagon: L:1
 11811 | Lair:5   | 4thArraOfDagon: yeah
 11879 | Lair:5   | Reached skill level 14 in Stealth
 12077 | Lair:5   | Identified a scroll of acquirement
 12078 | Lair:5   | Got a steaming buckler
 12084 | Lair:5   | Identified the +1 buckler "Qeqa" {MP+9 SInv} (You acquired it on level 5 of the Lair of Beasts)
 12264 | Lair:6   | Reached skill level 1 in Shields
 12531 | Lair:7   | Reached skill level 15 in Stealth
 12567 | Lair:8   | Entered Level 8 of the Lair of Beasts
 12666 | Lair:8   | Found a runed door.
 12700 | Lair:8   | Noticed a fire dragon
 12810 | Lair:8   | jacquesderrida: dang
 12822 | Lair:8   | jacquesderrida: spriggster
 12901 | Lair:8   | 4thArraOfDagon: hi
 12901 | Lair:8   | 4thArraOfDagon: im Yermak
 12945 | Lair:8   | jacquesderrida: hi
 12946 | Lair:8   | jacquesderrida: i jaq
 12955 | Lair:8   | Reached XP level 14. HP: 65/65 MP: 25/25
 13101 | Lair:7   | Bought a scroll of teleportation for 42 gold pieces
 13101 | Lair:7   | Bought a scroll of identify for 28 gold pieces
 13101 | Lair:7   | Bought a scroll of magic mapping for 49 gold pieces
 13101 | Lair:7   | Bought a scroll of identify for 28 gold pieces
 13101 | Lair:7   | Bought a scroll of identify for 28 gold pieces
 13270 | Lair:8   | Found a staircase to the Slime Pits.
 13294 | Lair:8   | Learned a level 1 spell: Apportation
 13306 | Lair:8   | Found a blossoming altar of Fedhas.
 13332 | Lair:8   | magipi: a ring is there
 13861 | Lair:7   | Reached skill level 15 in Evocations
 14083 | Lair:6   | Reached skill level 16 in Stealth
 14090 | Lair:6   | 4thArraOfDagon: @@gozag
 14090 | Lair:6   | 4thArraOfDagon: ??gozag
 14090 | Lair:6   | beem: gozag[1/7]: The greedy god of gold. Turns corpses into gold, which gives a distraction status that may cause enemies to lose turns. Lets you use {potion petition}, lets you {call merchant}s, and lets you {bribe branch}es. Does not have a normal piety system.
 14148 | Lair:3   | Noticed Gastronok
 14162 | Lair:3   | Killed Gastronok
 14296 | Lair:3   | Found a shimmering altar of Xom.
 14577 | D:11     | Killed Snorg
 14609 | D:10     | You paid a toll of 5 scrolls of blinking to enter a treasure trove
 14610 | Trove    | Entered a treasure trove
 14709 | D:10     | WOW
 14711 | D:10     | Bought an ancient short sword for 168 gold pieces
 14711 | D:10     | Bought an encrusted long sword for 178 gold pieces
 14713 | D:10     | Identified the +2 short sword of the Ghost {venom, rPois Int+3 Dex+4} (You bought it in a shop on level 10 of the Dungeon)
 14716 | D:10     | 2h?really?
 14723 | D:10     | Identified the +2 long sword of Ecoq {slice, -Tele Str+4} (You bought it in a shop on level 10 of the Dungeon)
 15374 | D:11     | Killed namnharef's ghost
 15411 | D:10     | Bought the +10 dagger of Objectivity {freeze, rC+ Str+6} for 1042 gold pieces
 15789 | D:13     | Found a gate to the Vaults.
 16168 | D:14     | Reached skill level 17 in Stealth
 16183 | D:14     | Reached skill level 5 in Shields
 16234 | D:14     | Reached XP level 15. HP: 71/71 MP: 21/27
 16305 | D:15     | Entered Level 15 of the Dungeon
 16337 | D:15     | Reached skill level 5 in Fighting
 16435 | D:15     | Reached skill level 10 in Dodging
 16540 | D:15     | Noticed Roxanne
 16692 | D:15     | Noticed Urug
 16708 | D:15     | Killed Urug
 17252 | Swamp:1  | Entered Level 1 of the Swamp
 17888 | Swamp:3  | Found a blossoming altar of Fedhas.
 17916 | Swamp:3  | Reached skill level 18 in Stealth
 17930 | Swamp:4  | Entered Level 4 of the Swamp
 18025 | Swamp:4  | Noticed Nikola
 18064 | Swamp:4  | Reached skill level 1 in Armour
 18182 | Swamp:4  | Killed Nikola
 18421 | Swamp:4  | Noticed the 27-headed Lernaean hydra
 18503 | Swamp:4  | Got a decaying rune of Zot
 18758 | Snake:1  | Entered Level 1 of the Snake Pit
 18769 | Snake:1  | Reached XP level 16. HP: 70/77 MP: 29/29
 18869 | Snake:2  | Noticed Vashnia
 19065 | Snake:4  | Entered Level 4 of the Snake Pit
 19251 | Snake:4  | Reached skill level 1 in Summonings
 19266 | Snake:4  | Reached skill level 1 in Air Magic
 19370 | Snake:4  | Reached skill level 19 in Stealth
 19406 | Snake:4  | Reached skill level 15 in Short Blades
 20263 | Snake:4  | Learned a level 6 spell: Invisibility
 21360 | Snake:4  | Reached skill level 20 in Stealth
 21450 | Snake:4  | Reached XP level 17. HP: 74/81 MP: 31/31
 21702 | Snake:4  | Got a serpentine rune of Zot
 22207 | Slime:1  | Entered Level 1 of the Pits of Slime
 22232 | Slime:2  | Noticed Dissolution
 22254 | Slime:5  | Noticed dvd's ghost (veteran HOFi)
 22262 | Slime:6  | Entered Level 6 of the Pits of Slime
 22295 | Slime:6  | Noticed an acid blob
 22316 | Slime:6  | Noticed an acid blob
 22323 | Slime:6  | Killed an acid blob
 22328 | Slime:6  | Noticed the Royal Jelly
 22329 | Slime:6  | Found a viscous altar of Jiyva.
 22329 | Slime:6  | Noticed an acid blob
 22330 | Slime:6  | Killed the Royal Jelly
 22330 | Slime:6  | Noticed an acid blob
 22330 | Slime:6  | Noticed an acid blob
 22330 | Slime:6  | Noticed an acid blob
 22330 | Slime:6  | Noticed an acid blob
 22330 | Slime:6  | Noticed an acid blob
 22330 | Slime:6  | Noticed an acid blob
 22330 | Slime:6  | Noticed an acid blob
 22331 | Slime:6  | Noticed an acid blob
 22370 | Slime:6  | BLOAX: passwall is guaranteed to be useful in exactly one case
 22371 | Slime:6  | BLOAX: and that is post-trj slime:6
 22378 | Slime:6  | Killed an acid blob
 22380 | Slime:6  | Noticed an acid blob
 22381 | Slime:6  | Killed an acid blob
 22382 | Slime:6  | Noticed an acid blob
 22397 | Slime:6  | pipel: I missed that :(
 22408 | Slime:5  | pipel: how did you manage to kill trj with 81 hp?
 22408 | Slime:5  | 4thArraOfDagon: no passwall:(
 22411 | Slime:5  | pipel: stab?
 22416 | Slime:5  | 4thArraOfDagon: yea
 22416 | Slime:5  | 4thArraOfDagon: noticed->blinked->stabbed
 22420 | Slime:5  | pipel: nice!
 22441 | Slime:6  | Noticed an acid blob
 22455 | Slime:5  | Noticed an acid blob
 22495 | Slime:6  | Killed an acid blob
 22514 | Slime:6  | Noticed an acid blob
 22517 | Slime:6  | Killed an acid blob
 22525 | Slime:6  | Killed an acid blob
 22539 | Slime:6  | Noticed an acid blob
 22564 | Slime:5  | Noticed an acid blob
 22564 | Slime:5  | Noticed an acid blob
 22632 | Slime:6  | Got a bound amethyst amulet
 22637 | Slime:6  | Got a smoking steel ring
 22651 | Slime:6  | Got a slimy rune of Zot
 22653 | Slime:6  | Yawgmoth: does lightning spire block passage ?
 22657 | Slime:6  | BLOAX: it blocks monsters yes
 22670 | Slime:6  | Got a transparent golden ring
 22672 | Slime:6  | Got a flickering marble ring
 22678 | Slime:6  | BLOAX: grab that ID scroll?
 22679 | Slime:6  | BLOAX: aw
 22687 | Slime:5  | Slain by dvd's ghost

Vault maps used:
D:1:      dpeg_chamrin_arrival_tetris, serial_co_window_serial,
          co_window_of_opportunity_a, co_window_corner_a, co_window_corner_a,
          co_window_corner_a, co_window_paths_a, co_window_corner_a,
          co_window_corner_b, co_window_2corner, co_window_of_opportunity_c,
          co_window_of_opportunity_b, co_window_broadway_a, co_window_corner_b,
          glass_columns_a, glass_columns_c, glass_columns_b, glass_columns_b
D:2:      uniq_crazy_yiuf_cottage, uniq_sigmund, uniq_iyjb
D:3:      overflow_temple_1_default, nicolae_ashenzari_panopticon, uniq_robin
D:4:      kennysheep_mini_moat, first_bread
D:5:      minmay_temple_entry_purple_smoke
D:6:      basic_altar, lemuel_old_faithful
D:7:      uniq_pikel
D:8:      okawaru_gym_becter, cheibriados_altar_wand_db,
          yredelemnul_altar_generic, uniq_erica, uniq_maurice
D:9:      overflow_temple_1_default, grunt_ogre_cave, solitary_fountain
D:10:     erik_lair_island, enter_trove_0, serial_shops,
          nicolae_shop_window_shopping
D:11:     orc_0_dummy, lab_entry_generic, minivault_11, minivault_7, uniq_snorg
D:12:     hangedman_decor_diamond_cutter
D:13:     david_vaults_1, minmay_liquid_box, uniq_rupert
D:14:     kennysheep_another_room
D:15:     gammafunk_depths_entry_grave, hangedman_abyss_or_decor_passed,
          corexii_leaking_fountain, hangedman_weighted_door, uniq_roxanne,
          uniq_urug
Temple:   water_room_temple_a_12
Lair:1:   wad_woods_road_01
Lair:2:   gammafunk_lair_bear_cave, st_stairs_10, columned_hall_lemuel
Lair:3:   minmay_snake_entry_six_corridors, basic_altar, serial_bayou_shore_a,
          uniq_gastronok
Lair:4:   minmay_swamp_entry_worms, grunt_megastairs_1, lemuel_fruit_fields,
          lemuel_fruit_tree, infiniplex_staircase_pool_2, serial_bayou_shore_b,
          lemuel_fruit_fields
Lair:5:   beast_lair_carwin_5
Lair:6:   hibernation_bobbens, grunt_megastairs_4
Lair:7:   kennysheep_basilisk_garden, grunt_megastairs_2
Lair:8:   wormcave, minmay_slime_entry_pillars, basic_altar, st_stairs_3
Swamp:1:  hangedman_swamp_cone, swamp_pool5
Swamp:2:  evilmike_swamp_ruin_house_6
Swamp:3:  basic_altar, swamp_pool4
Swamp:4:  grunt_swamp_rune_castle, uniq_nikola
Snake:1:  st_stairs_10, uniq_kirke, uniq_agnes, uniq_louise
Snake:2:  nicolae_coiled_stairwell_up, uniq_vashnia
Snake:3:  nicolae_snake_squiggles, corexii_hall_statues_t,
          nicolae_snake_double_loop
Snake:4:  grunt_snake_rune_spirals, serial_bayou_shore_b
Slime:1:  nicolae_slime_jelly_donut
Slime:2:  uniq_dissolution
Slime:5:  cheibrodos_slime_lost_civilization_3
Orc:1:    nicolae_for_you_no_charge
Orc:2:    st_orc_elflike
Lab:      labyrinth_spiral
Trove:    trove_wands_scrolls

Skill      XL: |  1  2  3  4  5  6  7  8  9 10 11 12 13 14 15 16 17 |
---------------+----------------------------------------------------+-----
Slings         | 5 |  5.0
Stealth        | 2 4 6 7 9 10 12 13 15 17 18 20 | 20.0
Short Blades   | 1 2 3 4 5 6 7 11 12 13 14 15 19 | 19.7
Dodging        | 4 5 7 8 9 12 13 | 13.0
Evocations     | 2 6 7 9 12 14 15 | 15.2
Spellcasting   | 3 5 7 8 9 |  9.4
Hexes          | 5 8 10 | 10.5
Ice Magic      | 1 4 6 |  6.4
Fighting       | 3 4 5 6 |  6.0
Shields        | 2 5 |  5.0
Armour         | 1 2 |  2.3
Summonings     | 3 |  3.9
Air Magic      | 4 |  4.3

Action                   |  1- 3 |  4- 6 |  7- 9 | 10-12 | 13-15 | 16-18 || total
-------------------------+-------+-------+-------+-------+-------+-------++-------
Melee: Short sword       |    38 |    13 |   480 |   457 |   645 |       ||  1633
       Unarmed           |       |       |     7 |       |       |       ||     7
       Dagger            |       |       |       |       |   539 |   716 ||  1255
 Fire: Hunting sling     |    16 |    15 |    27 |       |       |       ||    58
Throw: Throwing net      |       |       |       |       |       |    11 ||    11
 Cast: Confuse           |       |       |       |    19 |    28 |     1 ||    48
       Ensorcelled Hiber |       |       |       |   169 |   365 |    94 ||   628
       Summon Lightning  |       |       |       |       |       |    23 ||    23
       Apportation       |       |       |       |       |       |     9 ||     9
Invok: Call Merchant     |       |       |       |       |     4 |       ||     4
Evoke: Wand              |       |     3 |     8 |    17 |     5 |    31 ||    64
       Rod               |       |       |     4 |    13 |     6 |    32 ||    55
       Deck              |       |       |       |     1 |     5 |     3 ||     9
  Use: Scroll            |       |     1 |     7 |    24 |    19 |    14 ||    65
       Potion            |       |       |     3 |     9 |     5 |    10 ||    27
 Stab: Sleeping          |     4 |     5 |    47 |   148 |   265 |    62 ||   531
       Distracted        |       |       |     6 |     3 |    25 |    16 ||    50
       Paralysed         |       |       |     2 |     6 |       |       ||     8
       Confused          |       |       |       |     7 |    14 |       ||    21
       Petrified         |       |       |       |       |     1 |       ||     1
       Held in net/web   |       |       |       |       |       |     7 ||     7
  Eat: Fruit             |       |       |     8 |       |     8 |     5 ||    21
       Royal jelly       |       |       |       |     5 |     2 |       ||     7
       Bread ration      |       |       |       |       |       |     1 ||     1
Armor: Robe              |     4 |       |    28 |    26 |    37 |       ||    95
       Pearl dragon armo |       |       |       |       |   109 |     4 ||   113
       Troll leather arm |       |       |       |       |       |    36 ||    36
Dodge: Dodged            |    39 |    17 |   373 |   339 |   546 |   382 ||  1696
Block: Buckler           |       |       |       |       |   259 |   192 ||   451
